 Dungeon Crawl Stone Soup version 0.26-a0-962-g9b92081034 (webtiles) character file.

Game seed: 11065415873945782278

60 Dracia the Grasshopper (level 3, 0/27 HPs)
             Began as a Demonspawn Warper on Dec 1, 2020.
             Slain by a worm (10 damage)
             ... on level 3 of the Dungeon.
             The game lasted 00:03:34 (2425 turns).

Dracia the Grasshopper (Demonspawn Warper)          Turns: 2425, Time: 00:03:35

Health: 0/27       AC:  3    Str:  9 (12) XL:     3   Next: 80%
Magic:  6/6        EV: 11    Int: 13 (14) God:
Gold:   133        SH:  4    Dex:  9 (12) Spells: 1/6 levels left

rFire    . . .     SeeInvis .   a - +0 spear
rCold    . . .     Faith    .   (no shield)
rNeg     . . .     Spirit   .   b - +0 leather armour
rPois    .         Reflect  .   (no helmet)
rElec    .         Harm     .   (no cloak)
rCorr    .         Rampage  .   (no gloves)
MR       .....                  (no boots)
Stlth    +.........             (no amulet)
HPRegen  0.09/turn              (no ring)
MPRegen  0.10/turn              (no ring)

@: no status effects
A: large bone plates 1, powered by death 1
a: no special abilities


You were on level 3 of the Dungeon.
You visited 1 branch of the dungeon, and saw 3 of its levels.

You collected 133 gold pieces.


Innate Abilities, Weirdness & Mutations

You are partially covered in large bone plates. (SH +4)
You regenerate a little health from kills.


   Skills:
 - Level 2.0 Fighting
 + Level 2.9 Polearms
 - Level 0.8 Throwing
 - Level 0.8 Armour
 - Level 1.7 Dodging
 - Level 2.0 Spellcasting
 + Level 3.6 Translocations


You had one spell level left.
You knew the following spells:

 Your Spells              Type           Power        Failure   Level
a - Blink                 Tloc           N/A          12%         2
b - Gell's Gravitas       Tloc           ##........   24%         3

Your spell library contained the following spells:

 Spells                   Type           Power        Failure   Level
 Lesser Beckoning         Tloc           ##........   24%         3
 Teleport Other           Tloc           ##......     24%         3
 Passage of Golubria      Tloc           N/A          61%         4

Inventory:

Hand Weapons
 a - a +0 spear (weapon)
Missiles
 e - 5 boomerangs of dispersal (quivered) {=f}
Armour
 b - a +0 leather armour (worn)
Jewellery
 l - an uncursed ring of positive energy
Scrolls
 c - a scroll of magic mapping
 d - a scroll of blinking
 g - 2 scrolls of remove curse {@r2}
 h - a scroll of amnesia {unknown}
 j - a scroll of noise {unknown}
Potions
 f - a potion of degeneration
 i - a potion of brilliance

Dungeon Overview and Level Annotations

Branches:
Dungeon (3/15)

Altars:

### #!## ...
#####.#
.....#
#..#########
#....@w....#
#.########.#
### #.# #.#
#.# ####.#
#....#
#.#### #.#


You could see a worm.


Message History

Unknown command.
Memorise Blink, consuming 2 spell levels and leaving 4?
You finish memorising.
Spell assigned to 'a'.
This spell is extremely dangerous to cast!
Memorise Gell's Gravitas, consuming 3 spell levels and leaving 1?
You finish memorising.
Spell assigned to 'b'.
Unknown command.
Found a potion of curing.
A worm is nearby!
You hit the worm but do no damage. You completely miss the worm.
You block the worm's attack.
You barely miss the worm. The worm barely misses you.
You hit the worm.
The worm is moderately wounded.
You hit the worm but do no damage.
The worm is moderately wounded.
The worm bites you.
* * * LOW HITPOINT WARNING * * *
You are too injured to fight recklessly!
You hit the worm but do no damage.
The worm is moderately wounded.
You barely miss the worm.
The worm is moderately wounded.
The worm closely misses you.
You barely miss the worm.
The worm is moderately wounded.
You hit the worm.
The worm is heavily wounded.
The worm bites you!
You die...

Skill      XL: |  1 |
---------------+----+-----
Polearms       | 2 |  2.9
Translocations | 3 |  3.6
Fighting       | |  2.0
Throwing       | |  0.8
Armour         | |  0.8
Dodging        | |  1.7
Spellcasting   | |  2.0

Action                   || total
-------------------------++-------
Melee: Spear             ||   176
  Use: Potion            ||     8
       Scroll            ||     5
 Stab: Sleeping          ||     2
Armor: Leather armour    ||    20
Dodge: Dodged            ||    69
Block: Other             ||    12

Levels and vault maps discovered:
D:1:      dpeg_cavernosity, layout_loops_ring, hangedman_feature_mirror
D:2:      layout_basic
D:3:      layout_loops_ring, ebering_ghost_reflecting_pool, minmay_snake_closets

Notes
Turn   | Place    | Note
-------+----------+-------------------------------------------
     0 | D:1      | Dracia the Demonspawn Warper began the quest for the Orb.
     0 | D:1      | Reached XP level 1. HP: 16/16 MP: 3/3
   217 | D:1      | Reached skill level 2 in Polearms
   320 | D:1      | Reached skill level 3 in Translocations
   421 | D:1      | Gained mutation: You are partially covered in large bone
                  | plates. (SH +4) [demonic ancestry]
   421 | D:1      | Reached XP level 2. HP: 16/22 MP: 5/5
   979 | D:1      | Gained mutation: You regenerate a little health from kills.
                  | [demonic ancestry]
   979 | D:1      | Reached XP level 3. HP: 23/27 MP: 6/6
  1366 | D:1      | Identified a potion of resistance
  2363 | D:3      | Learned a level 2 spell: Blink
  2367 | D:3      | Learned a level 3 spell: Gell's Gravitas
  2425 | D:3      | Slain by a worm

Vanquished Creatures
  A gnoll (D:3)
  An ooze (D:1)
  3 leopard geckos
  A bat (D:1)
  2 giant cockroaches (D:1)
  8 goblins
  4 hobgoblins
  3 jackals (D:1)
  7 kobolds
  A ball python (D:1)
  3 frilled lizards (D:1)
  7 rats
41 creatures vanquished.

Table legend: (Time is in decaauts)
 A = Elapsed time spent in this place.
 B = Non-inter-level travel time spent in this place.
 C = Inter-level travel time spent in this place.
 D = Time resting spent in this place.
 E = Time spent auto-exploring this place.
 F = Levels seen in this place.
 G = Mean time per level.
                   A        B        C        D        E       F      G
               +--------+--------+--------+--------+--------+-----+--------+
         Total |   2406 |   2397 |      9 |    218 |   1728 |   3 |  802.0 |
       Dungeon |   2406 |   2397 |      9 |    218 |   1728 |   3 |  802.0 |
               +--------+--------+--------+--------+--------+-----+--------+

Top non-repeatable levels by time:
     D:1: 1383 daAuts
     D:2: 618 daAuts
     D:3: 404 daAuts

Table legend:
 A = Non-vault XP
 B = Vault XP
 C = Vault XP percentage of total XP
 D = Non-vault monster count
 E = Vault monster count
 F = Vault count percentage of total count
                 A         B        C        D         E       F
            +---------+---------+-------+---------+---------+-------
      Total |      71 |      15 |  17.4 |      31 |      10 |  24.4
            +---------+---------+-------+---------+---------+-------
        D:1 |      42 |      15 |  26.3 |      22 |      10 |  31.2
        D:2 |      14 |       0 |   0.0 |       7 |       0 |   0.0
        D:3 |      15 |       0 |   0.0 |       2 |       0 |   0.0
            +---------+---------+-------+---------+---------+-------
